 Dungeon Crawl Stone Soup version 0.30-a0-782-ge64f9170bb (webtiles) character file.

Game seed: 3721771688464489188

4225 vineage the Fighter (level 10, -1/71 HPs)
             Began as a Gargoyle Fighter on Feb 24, 2023.
             Was a Follower of Okawaru.
             Killed from afar by a steam dragon (24 damage)
             ... with a ball of steam
             ... on level 8 of the Dungeon.
             The game lasted 00:10:05 (6064 turns).

vineage the Fighter (Gargoyle Fighter)              Turns: 6064, Time: 00:10:06

Health: -1/71      AC: 29    Str: 25    XL:     10   Next: 30%
Magic:  10/10      EV:  7    Int:  8    God:    Okawaru [*.....]
Gold:   475        SH:  5    Dex:  9    Spells: 9/9 levels left

rFire   . . .      SeeInvis .    g - +4 flail (protect)
rCold   . . .      Faith    .    c - +0 buckler
rNeg    + . .      Spirit   .    j - +0 plate armour
rPois   ∞          Reflect  .    (no helmet)
rElec   +          Harm     .    e - +1 cloak
rCorr   .          Rampage  .    (no gloves)
Will    .....                    (no boots) Stlth
                                 (no amulet)
HPRegen 0.31/turn                k - +4 ring of slaying
MPRegen 0.12/turn                (no ring)

@: under a protective aura
A: sickness immunity, AC +7, negative energy resistance 1, electricity
resistance, torment resistance 1, petrification resistance
a: Renounce Religion, Heroism


You were on level 8 of the Dungeon.
You worshipped Okawaru.
Okawaru was aware of your devotion.
You visited 1 branch of the dungeon, and saw 8 of its levels.
You also visited: Ossuary.

You collected 475 gold pieces.

Inventory:

Hand Weapons
 a - a +1 flail
 g - a +4 flail of protection (weapon)
Armour
 c - a +0 buckler (worn)
 e - a +1 cloak (worn)
 j - a +0 plate armour (worn)
Jewellery
 k - a +4 ring of slaying (left hand)
 v - an amulet of guardian spirit
Scrolls
 b - 3 scrolls of enchant weapon
 l - 3 scrolls of teleportation
 m - 2 scrolls of poison
 r - a scroll of magic mapping
 s - a scroll of fear
 u - 2 scrolls of enchant armour
 w - a scroll of identify
Potions
 d - a potion of might
 f - 2 potions of flight
 h - 3 potions of curing
 i - a potion of attraction
 n - a potion of lignification
 o - 6 potions of mutation
 p - a potion of resistance
 q - a potion of brilliance
 t - 2 potions of heal wounds


   Skills:
 + Level 11.8 Fighting
 * Level 6.9 Maces & Flails
 + Level 7.0 Armour
 + Level 7.0 Shields


You had 9 spell levels left.
You didn't know any spells.
Your spell library contained the following spells:

 Spells                   Type           Power      Damage    Failure   Level
 Kindle Blastsparks       Fire/Tloc/Air  0%         2d10      100%        3
 Fulminant Prism          Conj/Hex       0%         3d5       100%        4
 Iskenderun's Mystic Bla  Conj/Tloc      0%         2d3       100%        4
 Manifold Assault         Tloc           0%         N/A       100%        4
 Blade Hands              Tmut           0%         N/A       100%        5
 Irradiate                Conj/Tmut      0%         3d11      100%        5
 Lee's Rapid Deconstruct  Erth           0%         3d4*      100%        5
 Dispersal                Tloc           0%         N/A       100%        6
 Dragon Form              Tmut           0%         N/A       100%        7
 Disjunction              Tloc           0%         N/A       100%        8


Dungeon Overview and Level Annotations

Branches:
Dungeon (8/15)             Temple (0/1) D:7         Ossuary (visited)
   Lair: D:8-11

Altars:
Ashenzari
Fedhas
Gozag
Hepliaklqana
Kikubaaqudgha
Okawaru
Ru
Sif Muna
Vehumet
Wu Jian

Shops:
D:1 [[*


Innate Abilities, Weirdness & Mutations

You are immune to sickness and miasma.
Your stone body is resilient. (AC +7)
You are immune to poison.
You resist negative energy. (rN+)
You are resistant to electric shocks. (rElec)
You are resistant to unholy torment.
You are immune to petrification.


Message History

There is an open door here.
You sock the orc wizard!
The orc wizard is heavily wounded.
The orc wizard hits you but does no damage.
You hit the orc wizard.
The orc wizard is almost dead.
The orc wizard mumbles some strange words.
The orc wizard flickers and vanishes!
Deactivating autopickup; reactivate with Ctrl-A.
You hit something. Okawaru accepts your kill.
Reactivating autopickup.
You feel a bit more experienced.
You hit the steam dragon.
The steam dragon is lightly wounded.
The steam dragon bites you but does no damage.
The steam dragon closely misses you.
You hit the steam dragon.
The steam dragon is moderately wounded.
The steam dragon bites you but does no damage.
The steam dragon claws you but does no damage.
You thump the steam dragon!
The steam dragon is heavily wounded.
The steam dragon bites you but does no damage.
The steam dragon claws you but does no damage.
You hit the steam dragon but do no damage.
The steam dragon is heavily wounded.
The steam dragon breathes steam at you. The ball of steam hits you.
You closely miss the steam dragon.
The steam dragon is heavily wounded.
You are engulfed in a cloud of scalding steam.
The steam dragon bites you. The steam dragon barely misses you.
You closely miss the steam dragon.
The steam dragon is heavily wounded.
The steam dragon bites you!
The steam dragon claws you but does no damage.
The steam dragon breathes steam at you. The ball of steam hits you!!
You die...

#########....##..# #####
#......##....##..#......
#......#.........+.....#
#......#.........#......
#......#'##..##'##.....#
####'#....#..#..........
#...#....#..#..........
#...#....#..#..........
#..##.@D)####..........
######'#).........###..
#...#..........#....
#§§.#..........#...#
#...#..........#....
#...#..........#....
#...#..........#....
#####..........#...#
......##+###...#


You could see a steam dragon (catching breath).

Vanquished Creatures
  A two-headed ogre (D:8)
  Pikel (D:6)
  Maggie (D:6)
  Sigmund (D:2)
  A vampire mosquito (D:7)
  Menkaure (D:6)
  Edmund (D:5)
  2 orc warriors (D:8)
  An ogre (D:6)
  3 lemures (D:6)
  2 centaurs
  Blork the orc (D:5)
  14 scorpions
  A bullfrog (D:7)
  A necrophage (D:5)
  A centaur zombie (Ossuary)
  2 human zombies (Ossuary)
  6 orc priests
  Crazy Yiuf (D:5)
  6 hounds
  2 iguanas
  7 orc wizards
  5 mummies (Ossuary)
  10 adders
  2 shadow imps
  3 white imps
  An ufetubus (D:5)
  21 orcs
  7 ball pythons
  10 endoplasms
  2 giant cockroaches
  8 goblins
  6 hobgoblins
  2 jackals (D:2)
  6 quokkas
  8 bats
  A frilled lizard (D:1)
  A gnoll zombie (Ossuary)
  A goblin zombie (Ossuary)
  A hobgoblin zombie (Ossuary)
  6 kobolds
  A kobold zombie (Ossuary)
  An orc zombie (Ossuary)
  9 rats
  A butterfly (D:7)
170 creatures vanquished.

Vanquished Creatures (others)
  2 orcs (D:8)
2 creatures vanquished.

Grand Total: 172 creatures vanquished

Notes
Turn   | Place    | Note
-------+----------+-------------------------------------------
     0 | D:1      | vineage the Gargoyle Fighter began the quest for the Orb.
     0 | D:1      | Reached XP level 1. HP: 14/14 MP: 1/1
    27 | D:1      | Found Miniti's General Store.
   189 | D:1      | Found Miytugh's Antique Armour Boutique.
   202 | D:1      | Reached XP level 2. HP: 11/20 MP: 2/2
   232 | D:1      | Reached skill level 4 in Fighting
   299 | D:1      | Found Myovox's Armour Shoppe.
   770 | D:2      | Reached XP level 3. HP: 4/24 MP: 3/3
   996 | D:2      | Reached skill level 5 in Fighting
  1033 | D:2      | Reached XP level 4. HP: 30/31 MP: 4/4
  1050 | D:2      | Reached skill level 6 in Fighting
  1180 | D:2      | Reached XP level 5. HP: 36/36 MP: 5/5
  1283 | D:2      | Noticed Sigmund
  1299 | D:2      | Killed Sigmund
  1300 | D:2      | Reached skill level 7 in Fighting
  1300 | D:2      | Reached XP level 6. HP: 35/44 MP: 6/6
  1452 | D:3      | Found a faded altar of an unknown god.
  1486 | D:3      | Found the amulet of Elemental Vulnerability {rPois rF--
                  | rC-- AC+8}
  1497 | D:3      | Found an opulent altar of Gozag.
  1504 | D:3      | Found a blossoming altar of Fedhas.
  2103 | D:4      | Reached skill level 8 in Fighting
  2358 | D:4      | Found an ornate altar of the Wu Jian Council.
  2839 | D:5      | Entered Level 5 of the Dungeon
  2847 | D:5      | Reached XP level 7. HP: 40/50 MP: 7/7
  2933 | D:5      | Noticed Blork the orc
  2949 | D:5      | Killed Blork the orc
  2954 | D:5      | Found a radiant altar of Vehumet.
  2980 | D:5      | Reached skill level 9 in Fighting
  3138 | D:5      | Found a runed translucent door.
  3139 | D:5      | Noticed Crazy Yiuf
  3178 | D:5      | Noticed Edmund
  3257 | D:5      | Killed Edmund
  3537 | D:5      | Reached skill level 10 in Fighting
  3537 | D:5      | Reached XP level 8. HP: 53/57 MP: 8/8
  3947 | D:5      | Killed Crazy Yiuf
  3999 | D:6      | Noticed Pikel
  4040 | D:6      | Noticed Maggie
  4058 | D:6      | Killed Maggie
  4059 | D:6      | HP: 1/59 [Pikel/+0 whip of flaming (5)]
  4060 | D:6      | Killed Pikel
  4061 | D:6      | Reached skill level 5 in Armour
  4061 | D:6      | Reached skill level 5 in Shields
  4061 | D:6      | Reached XP level 9. HP: 2/63 MP: 9/9
  4079 | D:6      | Noticed Menkaure
  4090 | D:6      | Reached skill level 11 in Fighting
  4095 | D:6      | Killed Menkaure
  4250 | D:6      | Found a sand-covered staircase.
  4254 | Ossuary  | Entered an ossuary
  5122 | D:6      | Found a hazy altar of Hepliaklqana.
  5166 | D:7      | Found a shimmering blue altar of Sif Muna.
  5188 | D:7      | Reached skill level 5 in Maces & Flails
  5299 | D:7      | Found a sacrificial altar of Ru.
  5305 | D:7      | Found an iron altar of Okawaru.
  5305 | D:7      | Found an ancient bone altar of Kikubaaqudgha.
  5314 | D:7      | Became a worshipper of Warmaster Okawaru
  5385 | D:7      | Found a runed translucent door.
  5387 | D:7      | Found a runed translucent door.
  5503 | D:7      | Reached * piety under Okawaru
  5504 | D:7      | Reached XP level 10. HP: 51/70 MP: 10/10
  5665 | D:7      | Found a staircase to the Ecumenical Temple.
  5905 | D:8      | Noticed a two-headed ogre
  5924 | D:8      | Killed a two-headed ogre
  5989 | D:8      | Found a broken altar of Ashenzari.
  6064 | D:8      | Killed from afar by a steam dragon

Illustrated notes

Levels and vault maps discovered:
D:1:      dpeg_arrival_tiny_a, layout_rooms, serial_shops, shop,
          nicolae_shop_hallway_stairs, nicolae_shop_competitors_out_of_business,
          amcnicky_mini_corridor_feature, minmay_unequal
D:2:      layout_rooms, minmay_misc_feat_diagonals, uniq_sigmund
D:3:      layout_basic, mainiacjoe_overflow_big_doors,
          chequers_ecumenical_altar_simple
D:4:      layout_loops_ring, nzn_wu_jian_contemplation
D:5:      layout_cave_pools, nicolae_vehumet_radiance, uniq_blork_the_orc,
          uniq_crazy_yiuf_cottage, uniq_edmund
D:6:      layout_loops_ring, nicolae_hepliaklqana_hippocampus,
          nicolae_ossuary_entry_plus, uniq_maggie, uniq_pikel, uniq_menkaure
D:7:      lemuel_insect_pit, layout_cave_pools, mainiacjoe_overflow_alcove_1,
          grunt_temple_overflow_open, minmay_temple_entry_nine_rooms,
          minivault_27
D:8:      cheibrodos_barr_body, layout_gridville, ashenzari_altar_1

Skill      XL: |  1  2  3  4  5  6  7  8  9 10 |
---------------+-------------------------------+-----
Fighting       | 4 5 6 7 8 10 11 | 11.8
Armour         | 5 6 7 |  7.0
Shields        | 5 6 7 |  7.0
Maces & Flails | 4 6 |  6.9

Action                     |  1- 3 |  4- 6 |  7- 9 | 10-12 || total
---------------------------+-------+-------+-------+-------++-------
  Melee: Flail             |   123 |   142 |   282 |    39 ||   586
 Invoke: Heroism           |       |       |       |     1 ||     1
    Use: Scroll            |     8 |     8 |     7 |       ||    23
         Potion            |       |       |     5 |       ||     5
 Armour: Scale mail        |    35 |       |       |       ||    35
         Plate armour      |    87 |   115 |   296 |    30 ||   528
  Dodge: Dodged            |    57 |    42 |   119 |     7 ||   225
  Block: Buckler           |    24 |    23 |    72 |     5 ||   124

Table legend: (Time is in decaauts)
 A = Elapsed time spent in this place.
 B = Non-inter-level travel time spent in this place.
 C = Inter-level travel time spent in this place.
 D = Time resting spent in this place.
 E = Time spent auto-exploring this place.
 F = Levels seen in this place.
 G = Mean time per level.
                   A        B        C        D        E       F      G
               +--------+--------+--------+--------+--------+-----+--------+
         Total |   6227 |   5934 |    293 |    608 |   3910 |   9 |  691.9 |
       Dungeon |   6038 |   5745 |    293 |    608 |   3820 |   8 |  754.8 |
       Ossuary |    189 |    189 |      0 |      0 |     90 |   1 |  189.0 |
               +--------+--------+--------+--------+--------+-----+--------+

Top non-repeatable levels by time:
     D:5: 1194 daAuts
     D:6: 996 daAuts
     D:4: 877 daAuts
     D:2: 771 daAuts
     D:7: 760 daAuts
     D:1: 735 daAuts
     D:3: 543 daAuts
 Ossuary: 189 daAuts
     D:8: 159 daAuts
